 Dungeon Crawl Stone Soup version 0.31.0-32-g396128a36d (webtiles) character file.

Game seed: 5015805316174165305

300 Henri the Ruffian (level 6, -16/38 (42) HPs)
             Began as an Octopode Shapeshifter on Mar 24, 2024.
             Demolished by Dowan
             ... wielding a +0 dagger of electrocution
              (18 damage)
             ... on level 3 of the Dungeon.
             The game lasted 00:08:05 (2990 turns).

Henri the Ruffian (Octopode Shapeshifter)           Turns: 2990, Time: 00:08:06

HP:   -16/38 (42)   AC:  1    Str: 16    XL:     6   Next: 36%
MP:   6/6           EV: 13    Int: 12    God:
Gold: 160           SH:  0    Dex: 11    Spells: 5/5 levels left

rFire   . .          .
                       - Unarmed
rCold   . . .        (no shield)
rNeg    . . .        (helmet currently unavailable)
rPois   .            (no amulet)
rElec   .            h - ring of see invisible
rCorr   .            (no ring)
SInv    +            (no ring)
Will    .....        (no ring)
Stlth   ++           (no ring)
HPRegen 0.26/turn    (no ring)
MPRegen 0.10/turn    (no ring)
                     (no ring)

%: no passive effects
@: beast-form, drained
A: beast (slay +2), almost no armour, amphibious, 8 rings, camouflage 1,
gelatinous body 1, (nimble swimmer 1), tentacles
a: Begin Untransformation


You were on level 3 of the Dungeon.
You were a hulking beast.
You visited 1 branch of the dungeon, and saw 4 of its levels.

You collected 160 gold pieces.

Inventory:

Missiles
 g - 3 darts of dispersal (quivered)
 q - 2 poisoned darts
Jewellery
 h - a ring of see invisible (left tentacle)
 t - a ring of fire
Talismans
 b - a beast talisman
 c - a flux talisman
Wands
 n - a wand of flame (29)
Scrolls
 f - a scroll of identify {unknown}
 i - 3 scrolls of immolation
 j - a scroll of poison {unknown}
 k - a scroll of fog {unknown}
 m - a scroll of enchant armour {unknown}
 r - a scroll of teleportation {unknown}
Potions
 a - 3 potions of lignification
 d - 2 potions of curing
 e - 2 potions of might {unknown}
 l - a potion of attraction {unknown}
 o - a potion of brilliance {unknown}
 p - a potion of heal wounds {unknown}
 s - a potion of degeneration {unknown}


   Skills:
 + Level 3.4 Fighting
 - Level 2.0 Dodging
 * Level 5.6 Unarmed Combat
 - Level 3.5 Shapeshifting


You had 5 spell levels left.
You didn't know any spells.
Your spell library contained the following spells:

 Spells                   Type           Power      Damage    Failure   Level
 Magic Dart               Conj           0%         1d3       32%         1
 Searing Ray              Conj           0%         2d4       45%         2
 Fulminant Prism          Conj/Alch      0%         3d5       97%         4


Dungeon Overview and Level Annotations

Branches:
Dungeon (4/15)
 Temple: D:4-7

Altars:
Wu Jian

Annotations:
D:3 Dowan, Duvessa


Innate Abilities, Weirdness & Mutations

You are a hulking beast.
Your limbs bulge with bestial killing power. (Slay +2)
You cannot wear most types of armour.
You are amphibious.
You can wear up to eight rings at the same time.
Your skin changes colour to match your surroundings (Stealth+).
Your rubbery body absorbs attacks. (AC +1, EV +1)
((You are camouflaged when in or above water. (Stealth+)))
You have tentacles for arms and can constrict up to eight enemies at once.


Message History

You tentacle-slap Duvessa but do no damage.
Duvessa is lightly wounded.
You constrict Duvessa, but do no damage.
Duvessa misses you.
You bludgeon Duvessa!
Duvessa is moderately wounded.
You constrict Duvessa.
You tentacle-slap Duvessa but do no damage.
Your squeeze misses Duvessa.
Duvessa is moderately wounded.
You constrict Duvessa. Duvessa misses you.
You tentacle-slap Duvessa but do no damage.
You squeeze Duvessa.
Duvessa is moderately wounded.
You constrict Duvessa.
Duvessa hits you with a +0 short sword of draining!
You feel drained.
Unknown command.
You release your grip on Duvessa.
Duvessa completely misses you. Dowan casts a spell at you.
The puff of frost hits you.
You climb upwards.
There is a stone staircase leading down here.
Unknown command.
You closely miss Duvessa. You grab Duvessa. You squeeze Duvessa.
Duvessa is severely wounded.
You constrict Duvessa.
Duvessa hits you with a +0 short sword of draining!
* * * LOW HITPOINT WARNING * * *
You feel drained.
* * * LOW HITPOINT WARNING * * *
Dowan gestures at you while chanting. The puff of flame hits you!
* * * LOW HITPOINT WARNING * * *
It was a potion of curing.
You feel better.
You constrict Duvessa. Duvessa barely misses you.
Dowan hits you with a +0 dagger of electrocution!
* * * LOW HITPOINT WARNING * * *
You are electrocuted!!
You die...

# #..#....#.#.# #.#.#P# #.#
# #.......#.### #P#.#.# ###
######..#.# #.#.#.#
#.#####.# #.#.#.# ########
#.# #.#.#P# #......# #.#
#####.### #####.###..# #.#
#.....#
...........###.###..####
...............eh#.##
...........##..#e#.####
...........##..#.#....###
####...........#.#.##...#
....############.####...#
....# #P...P# #.# #...#.#
....# ####### #.# .#...#P#
#...# ##### #.##.#...#P#
#.#######...####.##.#####P#


You could see Duvessa and Dowan.

Vanquished Creatures
  2 scorpions
  An iguana (D:4)
  An orc wizard (D:3)
  An adder (D:4)
  4 gnolls
  A dart slug (D:1)
  A ribbon worm (D:2)
  10 orcs
  7 ball pythons
  9 endoplasms
  6 giant cockroaches
  5 goblins
  5 hobgoblins
  A quokka (D:3)
  4 bats
  3 frilled lizards
  3 kobolds
  5 rats
69 creatures vanquished.

Notes
Turn   | Place    | Note
-------+----------+-------------------------------------------
     0 | D:1      | Henri the Octopode Shapeshifter began the quest for the
                  | Orb.
     0 | D:1      | Reached XP level 1. HP: 13/13 MP: 1/1
    61 | D:1      | Reached XP level 2. HP: 18/18 MP: 2/2
   125 | D:1      | Found a faded altar of an unknown god.
   387 | D:1      | Reached XP level 3. HP: 23/23 MP: 3/3
  1006 | D:1      | Reached skill level 4 in Unarmed Combat
  1006 | D:1      | Reached XP level 4. HP: 18/29 MP: 4/4
  1532 | D:3      | Found an ornate altar of the Wu Jian Council.
  1729 | D:3      | Noticed a scorpion
  1836 | D:4      | Reached XP level 5. HP: 6/35 MP: 5/5
  1989 | D:4      | Reached skill level 5 in Unarmed Combat
  2053 | D:4      | Noticed Dowan
  2055 | D:4      | Noticed Duvessa
  2380 | D:3      | Reached XP level 6. HP: 42/42 MP: 6/6
  2990 | D:3      | Demolished by Dowan

Illustrated notes

Levels and vault maps discovered:
D:1:      enne_arrival_octagon_isle, layout_basic,
          chequers_ecumenical_altar_simple_redux, st_stairs_9
D:2:      layout_rooms
D:3:      cheibrodos_old_hovel, layout_basic, nicolae_wu_jian_wuxing_cycle,
          serial_aquarium, aquarium_bridge_straight [aquarium_subvault_bridge,
          aquarium_subvault_wall, aquarium_subvault_bridge,
          aquarium_subvault_wall], aquarium_window_double, aquarium_window_2,
          aquarium_window_2, aquarium_view_2a, aquarium_balcony_3b
D:4:      layout_loops_ring, elyvilon_altar_1, uniq_duvessa

Skill      XL: |  1  2  3  4  5 |
---------------+----------------+-----
Fighting       | 2 3 |  3.4
Unarmed Combat | 4 5 |  5.6
Dodging        | |  2.0
Shapeshifting  | |  3.5

Action                     |  1- 3 |  4- 6 || total
---------------------------+-------+-------++-------
  Melee: Unarmed           |    56 |    83 ||   139
         Tentacles         |    14 |    18 ||    32
         Constrict         |    17 |    21 ||    38
         Punch             |       |     2 ||     2
    Use: Scroll            |     1 |       ||     1
         Potion            |       |     1 ||     1
   Stab: Sleeping          |     7 |     6 ||    13
 Armour: Skin              |    27 |    36 ||    63
  Dodge: Dodged            |    17 |    45 ||    62
